 Dungeon Crawl Stone Soup version 0.31.0-4-g52a2dc7128 (webtiles) character file.

Game seed: 1705039849800855649

765 Nick1 the Chopper (level 8, -2/61 HPs)
             Began as a Formicid Fighter on Jan 21, 2024.
             Was an Initiate of Okawaru.
             Incinerated by a bombardier beetle (7 damage)
             ... with a burning spray
             ... on level 4 of the Dungeon.
             The game lasted 00:11:47 (2091 turns).

Nick1 the Chopper (Formicid Fighter)                Turns: 2091, Time: 00:11:48

Health: -2/61      AC:  7    Str: 23    XL:     8   Next: 8%
Magic:  8/8        EV: 10    Int:  8    God:    Okawaru [......]
Gold:   197        SH:  5    Dex: 13    Spells: 7/7 levels left

rFire   . . .        a - +0 war axe
rCold   . . .        c - +0 buckler
rNeg    . . .        b - +0 scale mail
rPois   .            (helmet unavailable)
rElec   .            (no cloak)
rCorr   .            (no gloves)
SInv    +            (no boots)
Will    .....        i - amulet of regeneration
Stlth   +            (no ring)
HPRegen 1.10/turn    (no ring)
MPRegen 0.11/turn

%: no passive effects
@: on fire, glowing
A: permanent stasis, dig shafts and tunnels, antennae 3, four strong arms
a: Dig, Shaft Self, Renounce Religion


You were on level 4 of the Dungeon.
You worshipped Okawaru.
Okawaru was noncommittal.
You visited 2 branches of the dungeon, and saw 5 of its levels.

You collected 197 gold pieces.

Inventory:

Hand Weapons
 a - a +0 war axe (weapon)
 n - a +0 scythe
Armour
 b - a +0 scale mail (worn)
 c - a +0 buckler (worn)
Jewellery
 i - an amulet of regeneration (around neck)
Scrolls
 h - a scroll of fog {unknown}
 k - a scroll of vulnerability {unknown}
Potions
 d - 3 potions of might
 e - 2 potions of heal wounds
 f - a potion of curing
 g - a potion of resistance {unknown}
 j - a potion of attraction {unknown}
 l - 2 potions of ambrosia
 m - a potion of cancellation {unknown}
 o - a potion of haste {unknown}


   Skills:
 * Level 4.3 Fighting
 * Level 5.9 Axes
 * Level 5.3 Armour
 + Level 0.9 Dodging
 * Level 3.2 Stealth
 * Level 5.3 Shields


You had 7 spell levels left.
You didn't know any spells.
Your spell library contained the following spells:

 Spells                   Type           Power      Damage    Failure   Level
 Mercury Vapours          Alch/Air       0%         N/A       88%         2
 Gell's Gravitas          Tloc           0%         N/A       98%         3
 Mephitic Cloud           Conj/Alch/Air  0%         N/A       98%         3
 Teleport Other           Tloc           0%         N/A       98%         3
 Freezing Cloud           Conj/Ice/Air   0%         6-21      100%        5
 Dispersal                Tloc           0%         N/A       100%        6
 Chain Lightning          Conj/Air       0%         N/A       100%        9
 Fire Storm               Conj/Fire      0%         5d1       100%        9
 Shatter                  Erth           0%         3d5*      100%        9


Dungeon Overview and Level Annotations

Branches:
Dungeon (4/15)             Temple (1/1) D:4

Altars:
Ashenzari
Cheibriados
Dithmenos
Fedhas
Gozag
Hepliaklqana
Kikubaaqudgha
Makhleb
Okawaru
Qazlal
Trog
Uskayaw
Vehumet
Wu Jian
Xom
Yredelemnul
Zin
The Shining One

Annotations:
D:4 Grinder


Innate Abilities, Weirdness & Mutations

You cannot be hasted, slowed, berserked, paralysed or teleported.
You can dig through walls and to a lower floor.
You have a pair of large antennae on your head. (SInv)
Your four strong arms can wield two-handed weapons with a shield.


Message History

* * * LOW HITPOINT WARNING * * *
The bombardier beetle sprays incendiary fluid at you.
The burning spray hits you.
You are even more covered in liquid fire!
You closely miss the bombardier beetle.
The bombardier beetle is lightly wounded.
The liquid fire burns you!
* * * LOW HITPOINT WARNING * * *
Unknown command.
You closely miss the bombardier beetle.
The bombardier beetle is lightly wounded.
The liquid fire burns you!
* * * LOW HITPOINT WARNING * * *
The bombardier beetle bites you.
* * * LOW HITPOINT WARNING * * *
Unknown command.
You slash the bombardier beetle!
The bombardier beetle is heavily wounded.
The liquid fire burns you!
* * * LOW HITPOINT WARNING * * *
The bombardier beetle waves its antennae.
The bombardier beetle bites you but does no damage.
Unknown command.
You hit the bombardier beetle.
The bombardier beetle is almost dead.
The liquid fire burns you!
* * * LOW HITPOINT WARNING * * *
The bombardier beetle sprays incendiary fluid at you.
The burning spray hits you.
You are even more covered in liquid fire!
You hit the bombardier beetle but do no damage.
The bombardier beetle is almost dead.
The liquid fire burns you!
* * * LOW HITPOINT WARNING * * *
Unknown command.
You hit the bombardier beetle.
You kill the bombardier beetle!
Okawaru accepts your kill. The liquid fire burns you!
You die...

........##
..$......#
...>.....#
......... ###
......... ....
........# #....
#...†.##..###
#..#@.......
###......####
#.....####
##.##....####..
#.............
####.#####.#..
#....#
#....######....
#..............
..


There were no monsters in sight!

Vanquished Creatures
  Sigmund (D:3)
  Menkaure (D:4)
  A phantom (D:4)
  Blork the orc (D:4)
  A scorpion (D:4)
  2 bombardier beetles (D:4)
  A sleepcap (D:4)
  Jessica (D:3)
  3 orc wizards
  2 adders
  25 orcs
  6 ball pythons
  4 endoplasms
  A giant cockroach (D:4)
  9 goblins
  2 hobgoblins
  8 jackals
  2 quokkas (D:3)
  6 bats
  4 frilled lizards
  6 kobolds
  4 rats
91 creatures vanquished.

Notes
Turn   | Place    | Note
-------+----------+-------------------------------------------
     0 | D:1      | Nick1 the Formicid Fighter began the quest for the Orb.
     0 | D:1      | Reached XP level 1. HP: 18/18 MP: 1/1
   172 | D:1      | Reached XP level 2. HP: 24/24 MP: 2/2
   724 | D:1      | You fall into a shaft and drop 1 floor!
   864 | D:2      | Reached XP level 3. HP: 28/29 MP: 3/3
   941 | D:2      | Found a broken altar of Ashenzari.
  1002 | D:2      | Reached skill level 1 in Stealth
  1287 | D:3      | Noticed Jessica
  1296 | D:3      | Killed Jessica
  1297 | D:3      | Reached XP level 4. HP: 36/36 MP: 4/4
  1384 | D:3      | Found a stormy altar of Qazlal.
  1417 | D:3      | Reached XP level 5. HP: 33/42 MP: 5/5
  1496 | D:3      | Noticed Sigmund
  1508 | D:3      | Killed Sigmund
  1509 | D:3      | Reached XP level 6. HP: 44/48 MP: 6/6
  1715 | D:3      | Found an ornate altar of the Wu Jian Council.
  1825 | D:4      | Noticed Blork the orc
  1843 | D:4      | Killed Blork the orc
  1858 | D:4      | Found a hide-covered altar of Uskayaw.
  1915 | D:4      | Reached skill level 5 in Axes
  1915 | D:4      | Reached skill level 5 in Shields
  1915 | D:4      | Reached XP level 7. HP: 48/54 MP: 7/7
  1931 | D:4      | Noticed Grinder
  1989 | D:4      | Reached skill level 5 in Armour
  1989 | D:4      | Noticed Menkaure
  1998 | D:4      | Killed Menkaure
  1999 | D:4      | Reached XP level 8. HP: 36/61 MP: 8/8
  2004 | D:4      | Found a staircase to the Ecumenical Temple.
  2026 | Temple   | Entered the Ecumenical Temple
  2035 | Temple   | Became a worshipper of Warmaster Okawaru
  2090 | D:4      | HP: 3/61 [burnt (5)]
  2091 | D:4      | Incinerated by a bombardier beetle

Illustrated notes

Levels and vault maps discovered:
D:1:      co_arrival_random_square_maze, layout_loops_ring
D:2:      layout_basic, basic_altar, grunt_ministairs_13
D:3:      layout_basic, mainiacjoe_overflow_surrounded_room,
          pdpol_wu_jian_five_deadly_venoms, minmay_misc_feat_x, uniq_sigmund,
          uniq_jessica
D:4:      layout_rooms, gammafunk_temple_overflow_wave,
          nicolae_uskayaw_murder_on_the_dancefloor, minmay_temple_entry_wispy,
          uniq_blork_the_orc, uniq_grinder, uniq_menkaure
Temple:   nicolae_temple_two_arcs

Skill      XL: |  1  2  3  4  5  6  7 |
---------------+----------------------+-----
Stealth        | 1 2 3 |  3.2
Axes           | 3 4 5 |  5.9
Fighting       | 4 |  4.3
Armour         | 4 5 |  5.3
Shields        | 5 |  5.3
Dodging        | |  0.9

Action                     |  1- 3 |  4- 6 |  7- 9 || total
---------------------------+-------+-------+-------++-------
  Melee: War axe           |   113 |    83 |    52 ||   248
Ability: Shaft Self        |     1 |       |       ||     1
    Use: Scroll            |     2 |     3 |       ||     5
 Armour: Scale mail        |   100 |    74 |    36 ||   210
  Dodge: Dodged            |    53 |    42 |    20 ||   115
  Block: Buckler           |    33 |    22 |    17 ||    72
